Zazza, neutral female human Tourist ------ |....| ----------- |....-# |..........# |....|# |.........|) -------------- |*...|# |....<....|################ |...........^| ------ ----|-# -----------# ---------.--- ##........>....| |....| ##############`###### |`.........`| # |.....)......| |....| # # # |.....`.....|### |.............#####.....| # ### # |...-.---...|) |............| ------ # # ) |...|.{ |G..)# -------------- # ### ### |..`|{.{|`..| # # # #....|.{.|...| # #### ####|...-----f@.| ### -|------------- ## |.....`..q..| # |...).........|#####-`.........`| ##.....^........|# ------------- |.............|# |..............# --------------- Zazza the Excursionist Experience level: 9 Strength: 18/11 Dexterity: 16 Constitution: 18 Intelligence: 12 Wisdom: 10 Charisma: 18 Health: 0(85) Energy: 33(33) Def: 10 Gold: 0 Moves: 19402 Dungeon seed: MjuUmcQeDPOnHR1B Game ID: Zazza_1535450150 Your Inventory: Amulets o - an uncursed amulet of reflection (being worn) Weapons E - 21 +2 darts (in quiver) Armor e - an uncursed +0 Hawaiian shirt (being worn) n - an uncursed rusty +0 dwarvish iron helm (being worn) q - an uncursed +0 alchemy smock (being worn) y - an uncursed +0 pair of leather gloves (being worn) N - an uncursed +0 pair of low boots (being worn) Y - an uncursed +0 dwarvish mithril-coat (being worn) Comestibles d - 2 uncursed eggs h - 3 uncursed carrots m - an uncursed slime mold v - an uncursed lichen corpse K - 2 uncursed lizard corpses Scrolls D - 2 uncursed scrolls of earth Rings b - a blessed +1 ring of protection c - an uncursed ring of stealth j - an uncursed ring of see invisible (on right hand) p - an uncursed ring of polymorph C - an uncursed ring of slow digestion F - an uncursed +2 ring of gain strength Q - an uncursed ring of invisibility (on left hand) W - an uncursed ring of teleport control Wands a - a wand of polymorph (0:8) g - a wand of locking (0:8) s - a wand of slow monster (0:1) t - a wand of fire (0:6) w - a wand of striking (0:1) x - a wand of secret door detection (0:11) B - a wand of magic missile (0:0) H - a wand of digging (0:6) U - a wand of speed monster (0:8) Tools k - an uncursed skeleton key l - an expensive camera (0:74) z - a +0 unicorn horn (weapon in hands) T - an uncursed bag of holding V - an uncursed blindfold Gems r - 3 uncursed worthless pieces of black glass A - 3 uncursed worthless pieces of violet glass Contents of the bag of holding: 2390 gold pieces 6 +0 daggers a +0 elven dagger an uncursed +0 elven shield 11 uncursed food rations an uncursed lizard corpse an uncursed scroll of blank paper a cursed scroll of enchant weapon 2 uncursed potions of hallucination an uncursed potion of invisibility an uncursed potion of object detection an uncursed potion of restore ability an uncursed potion of see invisible an uncursed potion of speed an uncursed ring of cold resistance a cursed crystal ball (0:4) a cursed magic lamp an uncursed mirror a +0 pick-axe 12 uncursed tallow candles (0:200) 7 cursed tallow candles (0:200) an uncursed tin whistle a +0 unicorn horn a blessed wax candle (0:400) 3 uncursed wax candles (0:400) 3 uncursed worthless pieces of blue glass 2 uncursed worthless pieces of green glass an uncursed worthless piece of orange glass an uncursed worthless piece of violet glass Spells and supernatural/magical abilities: Name Level Category Fail Memory h - healing 1 healing 100% 9% W - pray for help -- divine ? -- Your skills at the end: Fighting Skills bare handed combat [Basic] Weapon Skills dagger [Expert] dart [Basic] unicorn horn [Basic] Spellcasting Skills Final Attributes: You were piously aligned. You were cold resistant. You were poison resistant. You were acid resistant. You saw invisible. You were telepathic. You were invisible to others. You could teleport. You had reflection. You were unlucky. You are dead. Vanquished creatures: 2 giant mimics a large mimic 2 small mimics a large cat a tengu 4 stone giants a human mummy an ettin zombie a leather golem 3 giant beetles a panther a spotted jelly a leprechaun an iron piercer a mumak a giant spider a horse an ice vortex 2 black lights 2 gnome kings a dwarf mummy 2 brown puddings an owlbear a Green-elf 4 lizards 2 chickatrices 3 dogs a dingo a housecat a jaguar 4 dwarf lords 2 blue jellies a white unicorn a black unicorn 4 dust vortices 2 gnome mummies 3 apes 7 human zombies a Woodland-elf 5 soldier ants 2 bugbears an imp a wood nymph 2 water nymphs 2 mountain nymphs 5 Mordor orcs 3 rock piercers 3 rock moles 2 fog clouds 2 yellow lights 2 shriekers 4 violet fungi 9 gnome lords 4 gnomish wizards 4 kobold mummies a black naga hatchling a guardian naga hatchling 3 gray oozes a barrow wight 4 elf zombies 4 ghouls a straw golem 3 paper golems a baby crocodile 9 giant ants 7 little dogs 9 floating eyes 2 kittens 11 dwarves a homunculus 3 kobold lords a kobold shaman 16 hill orcs 6 rothes a rabid rat 2 centipedes 5 giant bats 3 monkeys an orc zombie a wererat a werejackal 8 iguanas 6 acid blobs 5 coyotes 3 gas spores 6 hobbits 4 manes 3 large kobolds a hobgoblin 11 giant rats 7 cave spiders 5 brown molds a yellow mold 3 green molds 2 red molds 29 gnomes 12 garter snakes a gnome zombie 15 geckos 20 jackals a fox 2 kobolds 2 goblins 8 sewer rats 17 grid bugs a bat 12 lichens 3 kobold zombies 13 newts 421 creatures vanquished. Voluntary challenges: You had been an atheist until turn 1850. You used a wielded weapon 841 times, starting on turn 1833. You read items or engraved 13 times, starting on turn 1160. You never genocided any monsters. You never polymorphed an object. You never changed form. You used no wishes. You never split a pudding. You wrote Elbereth's name 1 time, starting on turn 6687. You violated your moral code, losing 113 points of alignment, starting on turn 10027. Dungeon overview: The Dungeons of Doom: levels 1 to 10 Level 1 a long staircase Level 2 a general store stairs to The Gnomish Mines Level 3 a general store Level 4 a fountain Level 5 a general store, a fountain Level 6 (unicorn) a general store Level 7 a general store Level 8 <- You were here many fountains Level 9 a general store stairs to Sokoban Level 10 The Gnomish Mines: levels 3 to 5 Level 3 stairs to The Dungeons of Doom Level 4 Level 5 many shops, a temple to Offler, some fountains, some trees Sokoban: levels 5 to 8 Level 5 Level 6 Level 7 Level 8 stairs to The Dungeons of Doom History has recorded: On T:1 you entered the Dungeons of Doom to retrieve the Amulet of Yendor! On T:616 you reached level 2 of The Dungeons of Doom. On T:1023 you advanced to experience level 2. On T:1429 you reached level 3 of The Dungeons of Doom. On T:1864 you advanced to experience level 3. On T:1960 you advanced to experience level 4. On T:3124 you reached level 4 of The Dungeons of Doom. On T:3512 you advanced to experience level 5. On T:3736 you reached level 5 of The Dungeons of Doom. On T:4604 you reached level 6 of The Dungeons of Doom. On T:5286 you reached level 7 of The Dungeons of Doom. On T:5338 you advanced to experience level 6. On T:5766 you reached level 8 of The Dungeons of Doom. On T:8439 you advanced to experience level 7. On T:9308 you reached level 9 of The Dungeons of Doom. On T:9908 you reached level 4 of Sokoban. On T:10126 you reached level 10 of The Dungeons of Doom. On T:11511 you reached level 1 of The Gnomish Mines. On T:12046 you reached level 2 of The Gnomish Mines. On T:12599 you reached level 3 of The Gnomish Mines. On T:13582 you advanced to experience level 8. On T:15883 you reached level 3 of Sokoban. On T:16705 you reached level 2 of Sokoban. On T:17287 you reached level 1 of Sokoban. On T:17900 you advanced to experience level 9. Score breakdown: Gold: 1741 (11024 points) Experience: 9 levels (15756 points) Exploration: 10 levels ( 19.23%) (12602 points) Discoveries: 68 items ( 22.82%) (14330 points) Valuables value: (no points given unless you survive) Artifact value: 0 ( 0 points) Variety of kills: 109 monsters ( 28.61%) (16046 points) Turncount: 19402 turns (-3357 points) Survival: died (score multiplied by 80%) Total score: 53120 Latest messages: The jaguar misses. The jaguar hits! (2x) The jaguar misses. You miss it. The leocrotta misses. The leocrotta bites! The leocrotta misses. The jaguar hits! The jaguar misses. (2x) The leocrotta hits! The leocrotta bites! The leocrotta hits! The jaguar hits! (2x) The jaguar bites! The bolt of fire hits it. The bolt of fire bounces! The leocrotta hits! The leocrotta misses. The leocrotta hits! The jaguar hits! (2x) The jaguar misses. The leocrotta hits! You die... Final status: Aloha Zazza the Tourist, killed by a leocrotta... You died in The Dungeons of Doom on dungeon level 8 with 53120 points, and 2390 pieces of gold, after 19402 moves. You were level 9 with a maximum of 85 hit points when you died.